 Dungeon Crawl Stone Soup version 0.32-a0-519-g08f29ac1c3 (webtiles) character file.

Game seed: 17262981817068448775

25 senseless the Shooter (level 3, -1/28 HPs)
             Began as a Coglin Hunter on Feb 28, 2024.
             Killed by divine providence
             ... invoked by an orc priest
              (17 damage)
             ... on level 2 of the Dungeon.
             The game lasted 00:02:06 (854 turns).

senseless the Shooter (Coglin Hunter)                Turns: 854, Time: 00:02:07

Health: -1/28      AC:  3    Str: 11    XL:     3   Next: 6%
Magic:  16/16      EV: 12    Int:  8    God:
Gold:   85         SH:  0    Dex: 19    Spells: 2/2 levels left

rFire   . . .        a - +0 shortbow (freeze) {Gyeongja}
rCold   . . .        (shield currently unavailable)
rNeg    . . .        c - +0 leather armour
rPois   .            (no helmet)
rElec   .            (no cloak)
rCorr   .            (no gloves)
SInv    .            (no boots)
Will    .....        g
                       - Hermit's Pendant {Faith Invo=14 Evo=0 MP+5}
Stlth   ++           (ring unavailable)
HPRegen 0.24/turn    (ring unavailable)
MPRegen 0.15/turn

%: faith
@: revving
A: off-hand wielding, slow wielding, warmup strikes, no rings
a: Convert to Beogh


You were on level 2 of the Dungeon.
You visited 1 branch of the dungeon, and saw 2 of its levels.

You collected 85 gold pieces.

Inventory:

Hand Weapons
 a - a +0 shortbow of freezing (weapon) {Gyeongja}
Armour
 c - a +0 leather armour (worn)
Jewellery
 g - the Hermit's Pendant (around neck) {Faith Invo=14 Evo=0 MP+5}
   (You found it on level 1 of the Dungeon)

   [amulet of faith]

   Invo=14: It sets your Invocations skill to 14.
   Evo=0: It sets your Evocations skill to 0.
   Faith:     It allows you to gain divine favour quickly.
   MP+5:      It affects your magic capacity (+5).
Scrolls
 b - a scroll of butterflies
Potions
 e - a potion of mutation {unknown}


   Skills:
 + Level 2.3 Fighting
 + Level 3.8 Ranged Weapons
 + Level 2.2 Dodging
 + Level 1.3 Stealth


You had 2 spell levels left.
You didn't know any spells.
Your spell library contained the following spells:

 Spells                   Type           Power      Damage    Failure   Level
 Dazzling Flash           Conj/Hex       0%         N/A       86%         3
 Volatile Blastmotes      Fire/Tloc      0%         2d10      86%         3
 Starburst                Conj/Fire      0%         6d3       100%        6
 Maxwell's Capacitive Co  Air            0%         ∞         100%        8


Dungeon Overview and Level Annotations

Branches:
Dungeon (2/15)

Altars:


Innate Abilities, Weirdness & Mutations

You can wield a second weapon in your off-hand.
It takes a long time for you to wield or remove held weapons.
Your first few attacks do less damage.
Your grasper-arms cannot wear rings.


Message History

You shoot an arrow. The arrow closely misses the hobgoblin.
The hobgoblin hits you but does no damage.
You shoot an arrow. The arrow hits the hobgoblin!
You kill the hobgoblin!
No target in view!
Done exploring.
Search for what [? for help]? .
There is an open door here.
There is a stone staircase leading down here.
You climb downwards.
There is a stone staircase leading up here.
As you read the scroll labelled RADEM GOHUETZE, it crumbles to dust.
It is a scroll of brand weapon.
Your +0 shortbow {Gyeongja} is covered with a thin layer of ice!
a - a +0 shortbow of freezing (weapon)
{Gyeongja}
As you read the scroll labelled MUOWUE EWNEKK, it crumbles to dust.
You assume a fearsome visage.
Nothing appears to happen.
It was a scroll of fear.
An orc comes into view. It is wielding a +0 club.
You shoot an arrow. The arrow hits the orc.
The arrow freezes the orc.
You kill the orc!
You have reached level 3!
Your experience leads to an increase in your attributes!
Increase (S)trength, (I)ntelligence, or (D)exterity?
You feel agile. x2
An orc priest and an orc come into view.
The orc priest shouts!
You shoot an arrow. The arrow hits the orc.
The arrow freezes the orc.
You kill the orc!
The orc priest invokes the aid of Beogh against you.
Beogh smites you!
The orc priest shouts, "Surrender to Beogh and we'll let you live!" (press Y on the ability menu to convert to Beogh)
You shoot an arrow. The arrow hits the orc priest.
The arrow freezes the orc priest.
The orc priest is moderately wounded.
The orc priest calls down the wrath of Beogh upon you.
Beogh smites you!
Ouch! That really hurt!
You die...

#........
##..~..)~.
#.........
#.......o.
#.........
#...~...~.
#.....)...
#.@########
#..........
#..........
#..........
#.........#
#.........#
##########......#
#.............###
#........######


You could see an orc priest.

Vanquished Creatures
  2 orcs (D:2)
  3 endoplasms (D:1)
  2 goblins (D:1)
  A hobgoblin (D:1)
  2 quokkas (D:1)
  A ball python (D:1)
  6 bats (D:1)
  A frilled lizard (D:1)
  A kobold (D:1)
  4 rats (D:1)
23 creatures vanquished.

Notes
Turn   | Place    | Note
-------+----------+-------------------------------------------
     0 | D:1      | senseless the Coglin Hunter began the quest for the Orb.
     0 | D:1      | Reached XP level 1. HP: 16/16 MP: 1/1
   102 | D:1      | Reached skill level 1 in Stealth
   112 | D:1      | Reached XP level 2. HP: 22/22 MP: 2/2
   233 | D:1      | Found the Hermit's Pendant {Faith Invo=14 Evo=0 MP+5}
   852 | D:2      | Reached XP level 3. HP: 28/28 MP: 11/11
   854 | D:2      | Killed from afar by an orc priest

Illustrated notes

Levels and vault maps discovered:
D:1:      elethiomel_arrival_infinity_welcomes_careful_drivers, layout_basic,
          amcnicky_mini_corridor_feature, dk_noncrumbling_3
D:2:      cheibrodos_pilgrimage, layout_rooms, minmay_ruptured

Skill      XL: |  1 |
---------------+----+-----
Stealth        | 1 |  1.3
Dodging        | 2 |  2.2
Fighting       | |  2.3
Ranged Weapons | |  3.8

Action                     || total
---------------------------++-------
   Fire: Shortbow          ||    58
    Use: Scroll            ||     2
 Armour: Leather armour    ||     8
  Dodge: Dodged            ||     8

Table legend: (Time is in decaauts)
 A = Elapsed time spent in this place.
 B = Non-inter-level travel time spent in this place.
 C = Inter-level travel time spent in this place.
 D = Time resting spent in this place.
 E = Time spent auto-exploring this place.
 F = Levels seen in this place.
 G = Mean time per level.
                   A        B        C        D        E       F      G
               +--------+--------+--------+--------+--------+-----+--------+
         Total |    868 |    855 |     13 |      0 |    736 |   2 |  434.0 |
       Dungeon |    868 |    855 |     13 |      0 |    736 |   2 |  434.0 |
               +--------+--------+--------+--------+--------+-----+--------+

Top non-repeatable levels by time:
     D:1: 849 daAuts
     D:2: 19 daAuts
